PIO (24 & UNDER)
COLORADO COMMANDERS @ SURREY SINNERS
04/16/2028
 
TOP OF THE 1ST
Colorado Commanders batting - Pitching for Surrey Sinners : LHP Dennis Morales
Pitching: LHP Dennis Morales
Batting: RHB Roberto Rodríguez 0-0: Ball
1-0: Swinging Strike
1-1: Swinging Strike
1-2: Ball
2-2: Strikes out looking
Batting: RHB Frank Martínez 0-0: Called Strike
0-1: Ball
1-1: Ball
2-1: SINGLE (Groundball, 34D)
Batting: RHB Félix Campos 0-0: Ball
1-0: Called Strike
1-1: Ball
2-1: Ball
3-1: Foul Ball, location: 2F
3-2: Strikes out swinging
Frank Martínez is caught stealing 2nd base
Batter strikes out.
Top of the 1st over - 0 run(s), 1 hit(s), 0 error(s), 0 left on base; Colorado 0 - Surrey 0
BOTTOM OF THE 1ST
Surrey Sinners batting - Pitching for Colorado Commanders : RHP Ted Stuart
Pitching: RHP Ted Stuart
Batting: RHB Marcos Liñares 0-0: SINGLE (Groundball, 6) (infield hit)
Batting: LHB Jorge Martínez 0-0: Called Strike
Marcos Liñares steals 2nd base
0-1: Ball
1-1: Ball
2-1: Ball
3-1: Called Strike
3-2: Strikes out looking
Batting: LHB Iván Espinosa 0-0: Ball
1-0: Called Strike
Marcos Liñares is caught stealing 3rd base
1-1: Called Strike
1-2: Ball
2-2: Foul Ball, location: 2F
2-2: Ball
3-2: Foul Ball, location: 2F
3-2: Strikes out swinging
Bottom of the 1st over - 0 run(s), 1 hit(s), 0 error(s), 0 left on base; Colorado 0 - Surrey 0
TOP OF THE 2ND
Colorado Commanders batting - Pitching for Surrey Sinners : LHP Dennis Morales
Batting: RHB Gerald Johnson 0-0: Called Strike
0-1: Ball
1-1: Called Strike
1-2: Foul Ball, location: 2F
1-2: Foul Ball, location: 2F
1-2: Foul Ball, location: 2F
1-2: Ball
2-2: Ball
3-2: Base on Balls
Batting: SHB Ed Dundee 0-0: Ball
1-0: Ball
2-0: Ball
3-0: Called Strike
3-1: Base on Balls
Gerald Johnson to second
Batting: SHB Ángel Díaz 0-0: Foul Ball, location: 2F
0-1: Called Strike
0-2: Ball
1-2: Ball
2-2: Ball
3-2: Foul Ball, location: 2F
3-2: Strikes out looking
Batting: RHB Kyle Vélez 0-0: Called Strike
0-1: Swinging Strike
0-2: Ball
1-2: Strikes out looking
Batting: RHB Adam Reeves 0-0: Ball
1-0: Fly out, F1 (Line Drive, 15)
Top of the 2nd over - 0 run(s), 0 hit(s), 0 error(s), 2 left on base; Colorado 0 - Surrey 0
BOTTOM OF THE 2ND
Surrey Sinners batting - Pitching for Colorado Commanders : RHP Ted Stuart
Batting: RHB Clarence Harrison 0-0: SINGLE (Groundball, 56D)
Batting: RHB Félix Castro 0-0: Fly out, F8 (Flyball, 8RM)
Batting: RHB Heath O'Keerwin 0-0: Called Strike
Clarence Harrison steals 2nd base
0-1: Swinging Strike
0-2: Strikes out swinging
Batting: RHB Jorge Barrios 0-0: Ball
1-0: Swinging Strike
1-1: Ball
2-1: Ball
3-1: Foul Ball, location: 2F
3-2: Strikes out swinging
Bottom of the 2nd over - 0 run(s), 1 hit(s), 0 error(s), 1 left on base; Colorado 0 - Surrey 0
TOP OF THE 3RD
Colorado Commanders batting - Pitching for Surrey Sinners : LHP Dennis Morales
Batting: RHB Nick Crosby 0-0: Called Strike
0-1: Ball
1-1: SINGLE (Groundball, 6MD)
Batting: RHB Roberto Rodríguez 0-0: Called Strike
0-1: Ground out 5-3 (Groundball, 56S)
Nick Crosby to second
Batting: RHB Frank Martínez 0-0: Ball
1-0: Fly out, F8 (Flyball, 89M)
Runner from 2nd tags up, SAFE at 3rd with throw
Batting: RHB Félix Campos 0-0: Ground out 6-3 (Groundball, 6S)
Top of the 3rd over - 0 run(s), 1 hit(s), 0 error(s), 1 left on base; Colorado 0 - Surrey 0
BOTTOM OF THE 3RD
Surrey Sinners batting - Pitching for Colorado Commanders : RHP Ted Stuart
Batting: SHB Juan Carlos Mesa 0-0: Ball
1-0: Called Strike
1-1: Called Strike
1-2: Ball
2-2: Strikes out looking
Batting: RHB Mauro Paredes 0-0: Ball
1-0: Ball
2-0: Called Strike
2-1: Foul Ball, location: 2F
2-2: Foul Ball, location: 2F
2-2: Ball
3-2: Fly out, F8 (Flyball, 8RM)
Batting: RHB Marcos Liñares 0-0: Called Strike
0-1: Ball
1-1: Ball
2-1: Fly out, F4 (Popup, 4)
Bottom of the 3rd over - 0 run(s), 0 hit(s), 0 error(s), 0 left on base; Colorado 0 - Surrey 0
TOP OF THE 4TH
Colorado Commanders batting - Pitching for Surrey Sinners : LHP Dennis Morales
Batting: RHB Gerald Johnson 0-0: Called Strike
0-1: Swinging Strike
0-2: Foul Ball, location: 2F
0-2: Ball
1-2: Foul Ball, location: 2F
1-2: Ground out 4-3 (Groundball, 4)
Batting: SHB Ed Dundee 0-0: Ball
1-0: Ball
2-0: Ball
3-0: Called Strike
3-1: Base on Balls
Batting: SHB Ángel Díaz 0-0: Ball
1-0: Called Strike
1-1: Ball
2-1: Ball
3-1: Called Strike
3-2: Fly out, F7 (Flyball, 7)
Batting: RHB Kyle Vélez 0-0: Ball
1-0: Called Strike
Ed Dundee is caught stealing 2nd base
Top of the 4th over - 0 run(s), 0 hit(s), 0 error(s), 0 left on base; Colorado 0 - Surrey 0
BOTTOM OF THE 4TH
Surrey Sinners batting - Pitching for Colorado Commanders : RHP Ted Stuart
Batting: LHB Jorge Martínez 0-0: Ball
1-0: Ball
2-0: Ball
3-0: Base on Balls
Batting: LHB Iván Espinosa 0-0: Called Strike
0-1: Ball
1-1: Ball
2-1: Foul Ball, location: 2F
2-2: Strikes out swinging
Jorge Martínez steals 2nd base
Batter strikes out.
Batting: RHB Clarence Harrison 0-0: Foul Ball, location: 2F
0-1: Swinging Strike
0-2: Strikes out swinging
Batting: RHB Félix Castro 0-0: Fly out, F8 (Flyball, 8RM)
Bottom of the 4th over - 0 run(s), 0 hit(s), 0 error(s), 1 left on base; Colorado 0 - Surrey 0
TOP OF THE 5TH
Colorado Commanders batting - Pitching for Surrey Sinners : LHP Dennis Morales
Batting: RHB Kyle Vélez 0-0: Called Strike
0-1: Foul Ball, location: 2F
0-2: Strikes out swinging
Batting: RHB Adam Reeves 0-0: Called Strike
0-1: Called Strike
0-2: Ball
1-2: DOUBLE (Flyball, 89M)
Batting: RHB Nick Crosby 0-0: Foul Ball, location: 2F
0-1: Ball
1-1: Foul Ball, location: 2F
1-2: Strikes out swinging
Batting: RHB Roberto Rodríguez 0-0: Ball
1-0: Ball
2-0: Called Strike
2-1: Fly out, F9 (Flyball, 9LM)
Top of the 5th over - 0 run(s), 1 hit(s), 0 error(s), 1 left on base; Colorado 0 - Surrey 0
BOTTOM OF THE 5TH
Surrey Sinners batting - Pitching for Colorado Commanders : RHP Ted Stuart
Batting: RHB Heath O'Keerwin 0-0: Ball
1-0: Ground out 6-3 (Groundball, 6S)
Batting: RHB Jorge Barrios 0-0: SINGLE (Line Drive, 4MD)
Batting: SHB Juan Carlos Mesa 0-0: Called Strike
0-1: Ball
1-1: Ball
2-1: SINGLE (Groundball, 4MD)
Jorge Barrios to second
Batting: RHB Mauro Paredes 0-0: Fly out, F9 (Flyball, 9D)
Runner from 2nd tags up, SAFE at 3rd, no throw
Batting: RHB Marcos Liñares 0-0: Ball
1-0: Called Strike
1-1: Ball
2-1: Fielders Choice at 2nd, 4-6 (Groundball, 4)
Bottom of the 5th over - 0 run(s), 2 hit(s), 0 error(s), 1 left on base; Colorado 0 - Surrey 0
TOP OF THE 6TH
Colorado Commanders batting - Pitching for Surrey Sinners : LHP Dennis Morales
Batting: RHB Frank Martínez 0-0: Ball
1-0: Swinging Strike
1-1: SOLO HOME RUN (Line Drive, 7D), Distance : 372 ft
Pitching: RHP Juan Figueroa
Batting: RHB Félix Campos 0-0: Called Strike
0-1: Ball
1-1: Fly out, F9 (Flyball, 9LMF)
Batting: RHB Gerald Johnson 0-0: Ball
1-0: Foul Ball, location: 2F
1-1: Ball
2-1: Called Strike
2-2: Ball
3-2: Strikes out swinging
Batting: SHB Ed Dundee 0-0: SINGLE (Flyball, 9S)
Batting: SHB Ángel Díaz 0-0: Called Strike
0-1: Ball
1-1: Ball
2-1: Swinging Strike
2-2: Ball
3-2: Base on Balls
Ed Dundee to second
Batting: RHB Kyle Vélez 0-0: Swinging Strike
0-1: Swinging Strike
0-2: Strikes out swinging
Top of the 6th over - 1 run(s), 2 hit(s), 0 error(s), 2 left on base; Colorado 1 - Surrey 0
BOTTOM OF THE 6TH
Surrey Sinners batting - Pitching for Colorado Commanders : RHP Ted Stuart
Batting: LHB Jorge Martínez 0-0: Foul Ball, location: 2F
0-1: Swinging Strike
0-2: Ball
1-2: Ball
2-2: Ball
3-2: SINGLE (Groundball, 4MD)
Batting: LHB Iván Espinosa 0-0: Ball
1-0: Called Strike
1-1: SINGLE (Groundball, 34D)
Jorge Martínez to second
Runner from 2nd tries for 3rd, SAFE, throw made to third
Batting: RHB Clarence Harrison 0-0: Ball
1-0: Fielders Choice at 2nd, 1-4 (Groundball, 15)
Batting: RHB Félix Castro 0-0: Called Strike
0-1: Hit by Pitch
Clarence Harrison to second
Batting: RHB Heath O'Keerwin 0-0: SINGLE (Groundball, 56D)
Jorge Martínez scores
Clarence Harrison to third
Félix Castro to second
Runner from 3rd tries for Home, SAFE, no throw
Batting: RHB Jorge Barrios 0-0: Called Strike
0-1: Fly out, F9 (Flyball, 9S)
Batting: SHB Juan Carlos Mesa 0-0: Called Strike
0-1: Foul Ball, location: 2F
0-2: Reached on error, E3 (Groundball, 34)
Félix Castro to third
Heath O'Keerwin to second
Pitching: RHP Ron Hannah
Batting: RHB Mauro Paredes 0-0: Ball
1-0: Foul Ball, location: 2F
1-1: Ball
2-1: Foul Ball, location: 2F
2-2: Ball
3-2: Foul Ball, location: 2F
3-2: Foul Ball, location: 2F
3-2: Fly out, F4 (Popup, 4)
Bottom of the 6th over - 2 run(s), 3 hit(s), 1 error(s), 3 left on base; Colorado 1 - Surrey 2
TOP OF THE 7TH
Colorado Commanders batting - Pitching for Surrey Sinners : RHP Juan Figueroa
Batting: RHB Adam Reeves 0-0: Ball
1-0: Fly out, F9 (Flyball, 9S)
Batting: RHB Nick Crosby 0-0: Ball
1-0: Ball
2-0: Called Strike
2-1: Swinging Strike
2-2: Ball
3-2: Base on Balls
Pinch Hitting: RHB Chris Rice Pickoff Throw to First - Error! E1
Nick Crosby to second
0-0: Fly out, F6 (Line Drive, 6)
Lined into DP, 6-4 (Line Drive, 6)
Top of the 7th over - 0 run(s), 0 hit(s), 1 error(s), 0 left on base; Colorado 1 - Surrey 2
BOTTOM OF THE 7TH
Surrey Sinners batting - Pitching for Colorado Commanders : RHP Ron Hannah
Now in LF: Chris Rice
Batting: RHB Marcos Liñares 0-0: SINGLE (Groundball, 56D)
Pitching: LHP Homer Bryan
Batting: LHB Jorge Martínez 0-0: Called Strike
0-1: Called Strike
0-2: Strikes out swinging
Pitching: RHP Luis Chávez
Batting: LHB Iván Espinosa 0-0: Called Strike
0-1: Ball
1-1: Called Strike
1-2: Ball
2-2: Ball
3-2: Foul Ball, location: 2F
3-2: Foul Ball, location: 2F
3-2: Base on Balls
Marcos Liñares to second
Pinch Hitting: SHB Norberto Muñóz 0-0: Foul Ball, location: 2F
0-1: Ball
1-1: Called Strike
Iván Espinosa steals 2nd base
Marcos Liñares to third
1-2: Ball
2-2: Ball
3-2: Foul Ball, location: 2F
3-2: Base on Balls
Pinch Hitting: LHB Juan Hinojosa 0-0: Called Strike
0-1: Foul Ball, location: 2F
0-2: Ball
1-2: Ball
2-2: Ball
3-2: Fly out, F7 (Flyball, 7LS)
Pinch Hitting: RHB Mitchell Darragh 0-0: Ball
1-0: Called Strike
1-1: Ball
2-1: Fielders Choice at 2nd, 6-4 (Groundball, 56)
Bottom of the 7th over - 0 run(s), 1 hit(s), 0 error(s), 2 left on base; Colorado 1 - Surrey 2
TOP OF THE 8TH
Colorado Commanders batting - Pitching for Surrey Sinners : RHP Juan Figueroa
Now at 3B: Jason Nava
Now at SS: Juan Velázquez
Now in CF: Mitchell Darragh
Batting: RHB Frank Martínez 0-0: SINGLE (Line Drive, 9LS)
Pinch Hitting: RHB Alberto Soto 0-0: Swinging Strike
0-1: Swinging Strike
0-2: Strikes out looking
Batting: RHB Gerald Johnson 0-0: Ball
1-0: Ball
2-0: Called Strike
2-1: Foul Ball, location: 2F
2-2: Fly out, F5 (Line Drive, 5)
Pinch Hitting: RHB Nick Vogel 0-0: Ball
Wild Pitch!
Frank Martínez to second
1-0: Foul Ball, location: 2F
1-1: Foul Ball, location: 2F
1-2: DOUBLE (Flyball, 9LM)
Frank Martínez scores
Batting: SHB Ángel Díaz 0-0: Called Strike
0-1: Ball
1-1: Ball
2-1: Ball
3-1: Foul Ball, location: 2F
3-2: Foul Ball, location: 2F
3-2: SINGLE (Groundball, 4MD)
Nick Vogel to third
Nick Vogel scores
Pitching: LHP Clarence Gill
Batting: RHB Kyle Vélez 0-0: Ball
Ángel Díaz steals 2nd base
1-0: Ball
2-0: Foul Ball, location: 2F
2-1: Foul Ball, location: 2F
2-2: Ball
3-2: Strikes out looking
Top of the 8th over - 2 run(s), 3 hit(s), 0 error(s), 1 left on base; Colorado 3 - Surrey 2
BOTTOM OF THE 8TH
Surrey Sinners batting - Pitching for Colorado Commanders : RHP Luis Chávez
Now in LF: Alberto Soto
Batting: RHB Jorge Barrios 0-0: Foul Ball, location: 2F
Now at 3B: Nick Vogel 0-1: Ball
1-1: Ground out U3 (Groundball, 34S)
Batting: SHB Juan Carlos Mesa 0-0: Called Strike
0-1: Ball
1-1: Ball
2-1: Ball
3-1: Base on Balls
Batting: RHB Mauro Paredes 0-0: Called Strike
0-1: Foul Ball, location: 2F
0-2: Foul Ball, location: 2F
0-2: Strikes out swinging
Batting: RHB Marcos Liñares 0-0: Called Strike
0-1: Fielders Choice at 2nd, 5-4 (Groundball, 56)
Bottom of the 8th over - 0 run(s), 0 hit(s), 0 error(s), 0 left on base; Colorado 3 - Surrey 2
TOP OF THE 9TH
Colorado Commanders batting - Pitching for Surrey Sinners : LHP Clarence Gill
Pitching: LHP Miguel Pazo
Batting: RHB Adam Reeves 0-0: Ball
1-0: Ball
2-0: Ball
3-0: Base on Balls
Batting: RHB Nick Crosby 0-0: Bunted foul
0-1: Bunted foul
0-2: Grounds into double play, 4-6-3 (Groundball, 4)
Batting: RHB Chris Rice 0-0: Ball
1-0: Ball
2-0: SINGLE (Groundball, 56D)
Batting: RHB Frank Martínez 0-0: Foul Ball, location: 2F
0-1: Ball
1-1: Ball
2-1: Foul Ball, location: 2F
2-2: Ball
3-2: Strikes out swinging
Top of the 9th over - 0 run(s), 1 hit(s), 0 error(s), 1 left on base; Colorado 3 - Surrey 2
BOTTOM OF THE 9TH
Surrey Sinners batting - Pitching for Colorado Commanders : RHP Luis Chávez
Pitching: RHP Sixto García
Batting: LHB Jorge Martínez 0-0: Foul Ball, location: 2F
0-1: Foul Ball, location: 2F
0-2: Ball
1-2: Ball
2-2: Ball
3-2: Base on Balls
Batting: LHB Iván Espinosa 0-0: Ball
1-0: Ball
2-0: Ball
3-0: Base on Balls
Jorge Martínez to second
Pinch Hitting: RHB Roberto Ybarra 0-0: Ball
1-0: Ball
2-0: Ball
3-0: Base on Balls
Jorge Martínez to third
Iván Espinosa to second
Pinch Hitting: SHB António Ramos 0-0: Ball
1-0: Called Strike
1-1: Ball
2-1: Fly out, F5 (Popup, 56)
Batting: RHB Mitchell Darragh 0-0: Ball
1-0: Foul Ball, location: 2F
1-1: Swinging Strike
1-2: Strikes out looking
Batting: RHB Jorge Barrios 0-0: Ball
1-0: Ball
2-0: Ball
3-0: Called Strike
3-1: Base on Balls
Jorge Martínez scores
Iván Espinosa to third
Roberto Ybarra to second
Batting: SHB Juan Carlos Mesa 0-0: Called Strike
0-1: Foul Ball, location: 2F
0-2: Ball
1-2: Ball
2-2: Fielders Choice at 2nd, 4-6 (Groundball, 4)
Bottom of the 9th over - 1 run(s), 0 hit(s), 0 error(s), 2 left on base; Colorado 3 - Surrey 3
TOP OF THE 10TH
Colorado Commanders batting - Pitching for Surrey Sinners : LHP Miguel Pazo
Now at 3B: António Ramos
Batting: RHB Alberto Soto 0-0: Ball
1-0: Foul Ball, location: 2F
1-1: Ball
2-1: Ball
3-1: Called Strike
3-2: Base on Balls
Batting: RHB Gerald Johnson 0-0: Called Strike
0-1: Ball
1-1: Ball
2-1: SINGLE (Groundball, 56D)
Alberto Soto to second
Batting: RHB Nick Vogel 0-0: Ball
1-0: 3-RUN HOME RUN (Flyball, 9D), Distance : 363 ft
Pitching: LHP Dalton Hayes
Batting: SHB Ángel Díaz 0-0: Called Strike
0-1: Ball
1-1: Foul Ball, location: 2F
1-2: Ball
2-2: Foul Ball, location: 2F
2-2: Ball
3-2: Base on Balls
Batting: RHB Kyle Vélez 0-0: Ball
1-0: Sac Bunt - play at first, batter OUT! 1-3
Ángel Díaz to second
Batting: RHB Adam Reeves 0-0: Fly out, F7 (Flyball, 7LSF)
Batting: RHB Nick Crosby 0-0: Called Strike
0-1: Foul Ball, location: 2F
0-2: Foul Ball, location: 2F
0-2: Strikes out swinging
Top of the 10th over - 3 run(s), 2 hit(s), 0 error(s), 1 left on base; Colorado 6 - Surrey 3
BOTTOM OF THE 10TH
Surrey Sinners batting - Pitching for Colorado Commanders : RHP Sixto García
Batting: RHB Mauro Paredes 0-0: Ball
1-0: Swinging Strike
1-1: Swinging Strike
1-2: Ground out 4-3 (Groundball, 4)
Batting: RHB Marcos Liñares 0-0: Foul Ball, location: 2F
0-1: Called Strike
0-2: Ball
1-2: Foul Ball, location: 2F
1-2: Strikes out looking
Pitching: RHP José Deleón
Batting: LHB Jorge Martínez 0-0: SINGLE (Groundball, 4D)
Batting: LHB Iván Espinosa 0-0: Foul Ball, location: 2F
0-1: Swinging Strike
0-2: Ball
1-2: Hit by Pitch
Jorge Martínez to second
Batting: RHB Roberto Ybarra 0-0: Ball
1-0: Called Strike
1-1: Swinging Strike
1-2: Strikes out looking
Bottom of the 10th over - 0 run(s), 1 hit(s), 0 error(s), 2 left on base; Colorado 6 - Surrey 3
Tuesday, August 8th, 2017 - OOTP Baseball 17.12 Build 75